[ AOE2 MATCH · #506411841 ]
UnrankedByzantines vs Armenians
Player's team · LOSS
Rival team · WIN
[ REPLAY ANALYSIS · EXTRACTED FROM THE RECORDED GAME ]
Feudal
8:50
Castle
22:44
Imperial
—
| APM avg | 49.2 |
| APM peak | 113 |
| eAPM avg | 23.5 |
| Villagers / military | 60 / 16 |
Focus
⚔️ 46.9% · 🌾 53.1%
Skirmisher ×9 · Archer ×4 · Spearman ×3
Feudal
9:16
Castle
—
Imperial
—
| APM avg | 50.6 |
| APM peak | 79 |
| eAPM avg | 23.8 |
| Villagers / military | 49 / 41 |
Focus
⚔️ 45.7% · 🌾 54.3%
Militia ×35 · Skirmisher ×4 · Archer ×1 · Spearman ×1
Match map
Initial resources + every placement click. Lines = walls · curves = elevation contours. ◆ gold · ⬟ stone · ● berries · ✦ relic · ◌ wall gap
Your base· Open — 7t gap
YUMAD's base· Open — unwalled flank
Smoothed initial terrain · ◌ = detected wall gap · hover for details
Inputs per minute
— Ronnie Hotdogs - - YUMAD
Build order — Ronnie Hotdogs
First 150 of 160 actions detected
| 0:00 | Queue | Villager (Male) |
| 0:02 | Build | House |
| 0:05 | Build | House |
| 0:11 | Queue | Villager (Male) |
| 0:11 | Queue | Villager (Male) |
| 0:12 | Queue | Villager (Male) |
| 1:25 | Queue | Villager (Male) |
| 1:51 | Build | Lumber Camp |
| 1:58 | Queue | Villager (Male) |
| 2:19 | Queue | Villager (Male) |
| 2:53 | Queue | Villager (Male) |
| 2:53 | Queue | Villager (Male) |
| 3:12 | Queue | Villager (Male) |
| 3:43 | Queue | Villager (Male) |
| 4:06 | Build | House |
| 4:17 | Queue | Villager (Male) |
| 4:31 | Queue | Villager (Male) |
| 4:39 | Build | House |
| 5:09 | Queue | Villager (Male) |
| 5:12 | Build | Mill |
| 5:35 | Queue | Villager (Male) |
| 5:35 | Research | Loom |
| 6:38 | Research | Feudal Age |
| 7:36 | Build | Barracks |
| 8:14 | Queue | Villager (Male) |
| 8:50 | Age | Feudal Age |
| 8:55 | Build | Archery Range |
| 8:57 | Queue | Villager (Male) |
| 8:59 | Research | Double-Bit Axe |
| 9:16 | Queue | Spearman |
| 9:17 | Queue | Villager (Male) |
| 9:36 | Queue | Villager (Male) |
| 9:44 | Build | Mining Camp |
| 9:53 | Queue | Skirmisher |
| 10:01 | Queue | Villager (Male) |
| 10:25 | Queue | Skirmisher |
| 10:26 | Queue | Villager (Male) |
| 10:35 | Build | House |
| 10:41 | Queue | Skirmisher |
| 10:56 | Build | Watch Tower |
| 11:00 | Queue | Skirmisher |
| 11:05 | Build | Palisade Wall |
| 11:06 | Build | Palisade Wall |
| 11:08 | Queue | Villager (Male) |
| 11:17 | Queue | Spearman |
| 11:19 | Queue | Villager (Male) |
| 11:24 | Queue | Skirmisher |
| 11:27 | Queue | Villager (Male) |
| 11:36 | Queue | Villager (Male) |
| 11:44 | Build | House |
| 11:46 | Queue | Skirmisher |
| 11:54 | Build | House |
| 12:06 | Queue | Villager (Male) |
| 12:08 | Build | House |
| 12:11 | Queue | Skirmisher |
| 12:17 | Build | Watch Tower |
| 12:17 | Queue | Villager (Male) |
| 12:19 | Queue | Skirmisher |
| 12:23 | Queue | Spearman |
| 12:40 | Build | Watch Tower |
| 12:41 | Queue | Villager (Male) |
| 12:55 | Queue | Villager (Male) |
| 13:00 | Build | House |
| 13:01 | Queue | Villager (Male) |
| 13:03 | Build | Farm |
| 13:05 | Build | Farm |
| 13:14 | Queue | Skirmisher |
| 13:35 | Build | House |
| 13:38 | Queue | Villager (Male) |
| 13:56 | Build | Farm |
| 13:57 | Build | Farm |
| 14:09 | Build | Palisade Wall |
| 14:12 | Build | Palisade Wall |
| 14:13 | Build | Palisade Wall |
| 14:18 | Queue | Villager (Male) |
| 14:30 | Build | Farm |
| 14:41 | Build | Farm |
| 14:43 | Build | Farm |
| 14:44 | Queue | Villager (Male) |
| 14:46 | Build | Farm |
| 14:52 | Build | House |
| 14:54 | Build | Palisade Wall |
| 14:57 | Build | Palisade Wall |
| 14:59 | Queue | Villager (Male) |
| 15:05 | Build | Palisade Wall |
| 15:17 | Build | House |
| 15:32 | Build | Palisade Wall |
| 15:33 | Queue | Villager (Male) |
| 15:39 | Build | Watch Tower |
| 15:49 | Queue | Villager (Male) |
| 16:22 | Build | Blacksmith |
| 16:35 | Queue | Villager (Male) |
| 16:39 | Build | House |
| 16:40 | Build | House |
| 17:03 | Build | Mining Camp |
| 17:11 | Queue | Villager (Male) |
| 17:11 | Queue | Villager (Male) |
| 17:22 | Build | Palisade Wall |
| 17:24 | Build | Stone Wall |
| 17:24 | Build | Stone Wall |
| 17:31 | Queue | Villager (Male) |
| 17:33 | Build | Stone Wall |
| 17:42 | Build | Stone Wall |
| 17:51 | Build | Lumber Camp |
| 17:54 | Build | Watch Tower |
| 17:58 | Queue | Villager (Male) |
| 18:02 | Build | House |
| 18:07 | Queue | Villager (Male) |
| 18:24 | Build | House |
| 18:27 | Build | House |
| 18:29 | Queue | Villager (Male) |
| 18:37 | Queue | Villager (Male) |
| 18:43 | Build | Market |
| 18:47 | Queue | Archer |
| 18:49 | Queue | Villager (Male) |
| 19:06 | Queue | Villager (Male) |
| 19:28 | Build | Farm |
| 19:29 | Queue | Archer |
| 19:35 | Build | Stone Wall |
| 19:36 | Build | Stone Wall |
| 19:37 | Build | Stone Wall |
| 19:46 | Build | Farm |
| 19:48 | Queue | Villager (Male) |
| 19:59 | Build | Farm |
| 20:00 | Build | Farm |
| 20:04 | Research | Castle Age |
| 20:06 | Build | Stone Wall |
| 20:10 | Build | Stone Wall |
| 20:20 | Build | Gate |
| 20:28 | Build | Market |
| 20:33 | Build | Stone Wall |
| 20:52 | Build | Stone Wall |
| 20:57 | Build | Stone Wall |
| 21:12 | Build | Watch Tower |
| 21:27 | Queue | Archer |
| 21:33 | Build | Palisade Wall |
| 21:37 | Queue | Archer |
| 21:44 | Queue | Villager (Male) |
| 21:57 | Build | House |
| 22:16 | Build | Watch Tower |
| 22:16 | Queue | Villager (Male) |
| 22:24 | Queue | Villager (Male) |
| 22:28 | Queue | Villager (Male) |
| 22:44 | Age | Castle Age |
| 22:52 | Build | House |
| 22:53 | Build | House |
| 22:59 | Build | Palisade Wall |
| 23:01 | Build | Palisade Wall |
| 23:08 | Queue | Villager (Male) |
| 23:18 | Queue | Villager (Male) |
Build order — YUMAD
First 150 of 163 actions detected
| 0:01 | Queue | Villager (Male) |
| 0:02 | Build | House |
| 0:04 | Build | House |
| 0:13 | Queue | Villager (Male) |
| 0:14 | Queue | Villager (Male) |
| 0:19 | Queue | Villager (Male) |
| 1:15 | Queue | Villager (Male) |
| 1:50 | Queue | Villager (Male) |
| 2:10 | Build | Mule Cart |
| 2:22 | Queue | Villager (Male) |
| 2:44 | Queue | Villager (Male) |
| 3:15 | Queue | Villager (Male) |
| 3:43 | Queue | Villager (Male) |
| 3:57 | Build | House |
| 4:05 | Queue | Villager (Male) |
| 4:21 | Queue | Villager (Male) |
| 4:32 | Build | Barracks |
| 4:41 | Queue | Villager (Male) |
| 4:56 | Queue | Villager (Male) |
| 5:07 | Queue | Villager (Male) |
| 5:48 | Queue | Villager (Male) |
| 6:16 | Queue | Villager (Male) |
| 6:34 | Research | Loom |
| 7:06 | Research | Feudal Age |
| 7:43 | Queue | Militia |
| 7:43 | Queue | Militia |
| 7:45 | Build | Mule Cart |
| 8:14 | Build | House |
| 8:15 | Build | House |
| 9:11 | Queue | Villager (Male) |
| 9:16 | Age | Feudal Age |
| 9:25 | Queue | Villager (Male) |
| 9:40 | Build | Watch Tower |
| 9:45 | Build | Archery Range |
| 9:46 | Queue | Villager (Male) |
| 9:53 | Queue | Villager (Male) |
| 10:04 | Build | Palisade Wall |
| 10:08 | Queue | Militia |
| 10:11 | Queue | Villager (Male) |
| 10:32 | Queue | Skirmisher |
| 10:34 | Queue | Villager (Male) |
| 10:55 | Queue | Villager (Male) |
| 10:57 | Queue | Skirmisher |
| 11:04 | Queue | Villager (Male) |
| 11:05 | Queue | Villager (Male) |
| 11:24 | Build | Outpost |
| 11:39 | Build | Palisade Wall |
| 11:45 | Build | Palisade Wall |
| 11:56 | Build | Mill |
| 12:11 | Build | Palisade Wall |
| 12:14 | Build | Palisade Wall |
| 12:17 | Build | Palisade Wall |
| 12:21 | Queue | Skirmisher |
| 12:48 | Build | House |
| 12:48 | Build | House |
| 12:56 | Build | Farm |
| 12:56 | Build | Farm |
| 12:56 | Build | Farm |
| 12:57 | Build | Farm |
| 12:57 | Build | Farm |
| 12:57 | Build | Farm |
| 13:32 | Queue | Villager (Male) |
| 13:46 | Queue | Villager (Male) |
| 13:47 | Queue | Skirmisher |
| 14:09 | Research | Man-at-Arms (upgrade) |
| 14:14 | Build | Farm |
| 14:25 | Research | Horse Collar |
| 14:40 | Build | Farm |
| 14:42 | Build | Farm |
| 14:45 | Queue | Villager (Male) |
| 15:08 | Queue | Villager (Male) |
| 15:29 | Queue | Villager (Male) |
| 15:30 | Queue | Militia |
| 15:43 | Build | Barracks |
| 15:47 | Queue | Villager (Male) |
| 15:50 | Build | Farm |
| 16:01 | Queue | Militia |
| 16:04 | Queue | Villager (Male) |
| 16:18 | Queue | Villager (Male) |
| 16:20 | Build | House |
| 16:21 | Build | House |
| 16:22 | Build | House |
| 16:29 | Research | Long Swordsman (upgrade) |
| 16:37 | Queue | Militia |
| 16:38 | Build | House |
| 16:47 | Queue | Militia |
| 16:54 | Queue | Militia |
| 17:10 | Queue | Militia |
| 17:20 | Queue | Villager (Male) |
| 17:24 | Build | Outpost |
| 17:27 | Queue | Militia |
| 17:40 | Queue | Villager (Male) |
| 17:42 | Build | Farm |
| 17:44 | Build | Farm |
| 17:49 | Queue | Militia |
| 18:05 | Queue | Villager (Male) |
| 18:07 | Build | Blacksmith |
| 18:14 | Build | Outpost |
| 18:20 | Queue | Archer |
| 18:23 | Queue | Militia |
| 18:48 | Queue | Militia |
| 18:48 | Queue | Militia |
| 18:49 | Queue | Villager (Male) |
| 18:52 | Build | Outpost |
| 18:57 | Build | Farm |
| 18:59 | Queue | Militia |
| 19:00 | Queue | Militia |
| 19:02 | Build | Palisade Wall |
| 19:16 | Queue | Villager (Male) |
| 19:19 | Build | Farm |
| 19:23 | Build | Outpost |
| 19:35 | Queue | Villager (Male) |
| 19:37 | Research | Scale Mail Armor |
| 19:38 | Queue | Militia |
| 19:52 | Research | Arson |
| 20:09 | Queue | Militia |
| 20:09 | Queue | Militia |
| 20:10 | Queue | Villager (Male) |
| 20:13 | Build | Farm |
| 20:13 | Build | Farm |
| 20:14 | Build | Farm |
| 20:14 | Build | Farm |
| 20:14 | Build | Farm |
| 20:18 | Build | Palisade Wall |
| 20:20 | Build | House |
| 20:27 | Queue | Militia |
| 20:27 | Queue | Militia |
| 20:56 | Queue | Militia |
| 20:56 | Queue | Militia |
| 21:08 | Queue | Militia |
| 21:08 | Queue | Militia |
| 21:12 | Build | Farm |
| 21:12 | Build | Farm |
| 21:16 | Build | Farm |
| 21:17 | Build | Farm |
| 21:38 | Queue | Militia |
| 21:38 | Queue | Spearman |
| 21:38 | Queue | Militia |
| 21:42 | Build | Farm |
| 21:44 | Queue | Villager (Male) |
| 21:45 | Queue | Militia |
| 21:57 | Queue | Militia |
| 22:05 | Queue | Militia |
| 22:05 | Queue | Militia |
| 22:12 | Queue | Villager (Male) |
| 22:12 | Queue | Villager (Male) |
| 22:14 | Build | Farm |
| 22:33 | Queue | Militia |
| 22:34 | Queue | Militia |
| 22:36 | Queue | Militia |
Match timeline
| 4:32 | YUMAD · first_building Barracks |
| 7:36 | Ronnie Hotdogs · first_building Barracks |
| 8:50 | Ronnie Hotdogs · age_up feudal |
| 8:55 | Ronnie Hotdogs · first_building Archery Range |
| 9:16 | YUMAD · age_up feudal |
| 9:45 | YUMAD · first_building Archery Range |
| 10:04 | YUMAD · wall_segment Palisade Wall x1 |
| 11:05 | Ronnie Hotdogs · wall_segment Palisade Wall x1 |
| 11:06 | Ronnie Hotdogs · wall_segment Palisade Wall x1 |
| 11:39 | YUMAD · wall_segment Palisade Wall x3 |
| 11:45 | YUMAD · wall_segment Palisade Wall x4 |
| 12:11 | YUMAD · wall_segment Palisade Wall x4 |
| 12:14 | YUMAD · wall_segment Palisade Wall x2 |
| 12:17 | YUMAD · wall_segment Palisade Wall x4 |
| 14:09 | Ronnie Hotdogs · wall_segment Palisade Wall x9 |
| 14:12 | Ronnie Hotdogs · wall_segment Palisade Wall x3 |
| 14:13 | Ronnie Hotdogs · wall_segment Palisade Wall x1 |
| 14:54 | Ronnie Hotdogs · wall_segment Palisade Wall x5 |
| 14:57 | Ronnie Hotdogs · wall_segment Palisade Wall x8 |
| 15:05 | Ronnie Hotdogs · wall_segment Palisade Wall x7 |
| 15:32 | Ronnie Hotdogs · wall_segment Palisade Wall x16 |
| 17:22 | Ronnie Hotdogs · wall_segment Palisade Wall x1 |
| 17:24 | Ronnie Hotdogs · wall_segment Stone Wall x1 |
| 17:24 | Ronnie Hotdogs · wall_segment Stone Wall x1 |
| 17:33 | Ronnie Hotdogs · wall_segment Stone Wall x5 |
| 17:42 | Ronnie Hotdogs · wall_segment Stone Wall x4 |
| 19:02 | YUMAD · wall_segment Palisade Wall x14 |
| 19:35 | Ronnie Hotdogs · wall_segment Stone Wall x1 |
| 19:36 | Ronnie Hotdogs · wall_segment Stone Wall x1 |
| 19:37 | Ronnie Hotdogs · wall_segment Stone Wall x1 |
| 19:50 | Ronnie Hotdogs · first_market_buy 100 food |
| 20:06 | Ronnie Hotdogs · wall_segment Stone Wall x1 |
| 20:10 | Ronnie Hotdogs · wall_segment Stone Wall x1 |
| 20:18 | YUMAD · wall_segment Palisade Wall x5 |
| 20:33 | Ronnie Hotdogs · wall_segment Stone Wall x1 |
| 20:52 | Ronnie Hotdogs · wall_segment Stone Wall x1 |
| 20:57 | Ronnie Hotdogs · wall_segment Stone Wall x1 |
| 21:33 | Ronnie Hotdogs · wall_segment Palisade Wall x7 |
| 22:05 | Ronnie Hotdogs · first_market_sell 100 wood |
| 22:44 | Ronnie Hotdogs · age_up castle |
| 22:59 | Ronnie Hotdogs · wall_segment Palisade Wall x1 |
| 23:01 | Ronnie Hotdogs · wall_segment Palisade Wall x1 |
| 23:25 | Ronnie Hotdogs · wall_segment Stone Wall x4 |
| 23:29 | Ronnie Hotdogs · wall_segment Stone Wall x4 |
| 23:51 | YUMAD · wall_segment Palisade Wall x6 |
| 23:55 | YUMAD · wall_segment Palisade Wall x8 |
| 23:59 | YUMAD · wall_segment Palisade Wall x9 |
| 24:36 | Ronnie Hotdogs · wall_segment Stone Wall x6 |
| 24:39 | YUMAD · wall_segment Palisade Wall x1 |
| 24:54 | Ronnie Hotdogs · resign |
[ AI ANALYSIS · 1 CREDIT ]
What really happened in this match?
Wolo.gg analyzes every decision: build order, eco, micro, common mistakes by bracket. Personalized analysis on WhatsApp or Discord in 30 seconds.
Civ guide
Byzantines
Perfil
Jugador #5405126